 Dungeon Crawl Stone Soup version 0.28-a0-413-gde365fb1df (webtiles) character file.

Game seed: 3644060143408850487

32 heikuro the Shield-Bearer (level 3, -4/29 HPs)
             Began as a Formicid Fighter on Sept 7, 2021.
             Was an Initiate of Okawaru.
             Killed from afar by Sigmund (6 damage)
             ... with a puff of flame
             ... on level 2 of the Dungeon.
             The game lasted 00:02:37 (1375 turns).

heikuro the Shield-Bearer (Formicid Fighter)        Turns: 1375, Time: 00:02:38

Health: -4/29      AC:  6    Str: 21    XL:     3   Next: 42%
Magic:  3/3        EV:  9    Int:  7    God:    Okawaru [......]
Gold:   28         SH:  4    Dex: 10    Spells: 2/2 levels left

rFire   . . .      SeeInvis +   i - +2 whip (venom)
rCold   . . .      Faith    .   c - +0 buckler
rNeg    . . .      Spirit   .   b - +0 scale mail
rPois   .          Reflect  .   (helmet unavailable)
rElec   .          Harm     .   (no cloak)
rCorr   .          Rampage  .   (no gloves)
Will    .....                   (no boots)
Stlth   ..........              (no amulet)
HPRegen 0.09/turn               (no ring)
MPRegen 0.08/turn               (no ring)

@: no status effects
A: permanent stasis, dig shafts and tunnels, antennae 3, four strong arms
a: Dig, Shaft Self, Renounce Religion


You were on level 2 of the Dungeon.
You worshipped Okawaru.
Okawaru was noncommittal.
You visited 1 branch of the dungeon, and saw 2 of its levels.

You collected 28 gold pieces.

Inventory:

Hand Weapons
 a - a +0 long sword
 i - a +2 whip of venom (weapon)
 q - a +3 dagger
Armour
 b - a +0 scale mail (worn)
 c - a +0 buckler (worn)
Scrolls
 e - a scroll of holy word {unknown}
 k - a scroll of immolation {unknown}
 l - a scroll of acquirement {unknown}
 m - a scroll of identify {unknown}
 o - a scroll of enchant weapon {unknown}
 r - a scroll of enchant armour {unknown}
Potions
 d - a potion of might
 f - a potion of curing
 g - a potion of lignification {unknown}
 h - a potion of resistance {unknown}
 j - a potion of haste {unknown}
 n - a potion of ambrosia {unknown}
 p - a potion of degeneration {unknown}


   Skills:
 + Level 3.6 Fighting
 * Level 2.7 Long Blades
 + Level 3.6 Armour
 + Level 3.9 Shields
 + Level 0.0 Invocations


You had 2 spell levels left.
You didn't know any spells.
Your spell library was empty.

Dungeon Overview and Level Annotations

Branches:
Dungeon (2/15)

Altars:
Okawaru

Annotations:
D:2 Sigmund


Innate Abilities, Weirdness & Mutations

You cannot be hasted, slowed, berserked, paralysed or teleported.
You can dig through walls and to a lower floor.
You have a pair of large antennae on your head. (SInv)
Your four strong arms can wield two-handed weapons with a shield.


Message History

No target in view!
Found 12 arrows.
Sigmund shouts!
Sigmund zaps a wand.
You block the puff of flame.
Your +2 whip of venom begins to drip with poison!
i - a +2 whip of venom (weapon)
Sigmund hits you with a +0 scythe!
You hit Sigmund.
Sigmund is poisoned.
Sigmund is moderately wounded.
Sigmund drinks a potion.
Sigmund is healed!
Sigmund looks more healthy.
Unknown command.
You closely miss Sigmund.
Sigmund casts a spell.
Sigmund flickers and vanishes for a moment.
Unknown command.
You hit Sigmund but do no damage. Sigmund hits you with a +0 scythe!
Unknown command.
You hit Sigmund.
Sigmund is lightly wounded.
Sigmund gestures at you while chanting.
You are confused.
You're too confused to attack without stumbling around!
Unknown command.
You hit Sigmund.
Sigmund is poisoned.
Sigmund is moderately wounded.
Sigmund drinks a potion.
Sigmund is healed!
Sigmund looks more healthy.
Sigmund hits you from afar with a +0 scythe.
Sigmund zaps a wand.
The puff of flame hits you.
* * * LOW HITPOINT WARNING * * *
You bump into the rock wall.
You feel less confused. Sigmund casts a spell at you.
You are confused.
You're too confused to move!
Sigmund hits you from afar with a +0 scythe.
* * * LOW HITPOINT WARNING * * *
You're too confused to move!
Sigmund closely misses you.
You feel less confused.
Sigmund zaps a wand.
The puff of flame hits you.
You die...

......................##
................#......#
##.....................###
##......................#
##..##.......)..###..#...##
#.# #.......@....##........
#.. #.........##.##.##..###
#.
#.........##..#.###...##.
#........@###............
#.........# ###.#........
#.........## #..........
#..........# ##.........
#.....####.# #.#.......
#.###.# #.# #K##{..##. ...
#^# #.# #..##### ..### #.#
#.## ##.# # #.# #..## #.#


You could see Sigmund (invisible).

Vanquished Creatures
  An endoplasm (D:1)
  4 giant cockroaches
  3 goblins
  2 hobgoblins (D:1)
  A jackal (D:2)
  6 kobolds
  2 quokkas (D:1)
  5 ball pythons
  3 bats
  2 frilled lizards (D:1)
  3 rats
32 creatures vanquished.

Notes
Turn   | Place    | Note
-------+----------+-------------------------------------------
     0 | D:1      | heikuro the Formicid Fighter began the quest for the Orb.
     0 | D:1      | Reached XP level 1. HP: 18/18 MP: 1/1
   329 | D:1      | Reached XP level 2. HP: 21/24 MP: 2/2
  1074 | D:1      | Reached XP level 3. HP: 29/29 MP: 3/3
  1193 | D:2      | Noticed Sigmund
  1255 | D:2      | Found an iron altar of Okawaru.
  1263 | D:2      | Became a worshipper of Warmaster Okawaru
  1367 | D:2      | HP: 1/29 [Sigmund (3)]
  1375 | D:2      | Killed from afar by Sigmund

Illustrated notes

Levels and vault maps discovered:
D:1:      minmay_arrival_stone_box, layout_basic
D:2:      layout_rooms, dreamdust_ecumenical_altar_statues, basic_altar,
          minmay_tall_x, uniq_sigmund

Action                   || total
-------------------------++-------
Melee: Long sword        ||    62
       Dagger            ||    22
       Whip              ||     5
 Abil: Dig               ||     1
  Use: Scroll            ||     1
Armor: Scale mail        ||    34
Dodge: Dodged            ||    31
Block: Buckler           ||    19

Table legend: (Time is in decaauts)
 A = Elapsed time spent in this place.
 B = Non-inter-level travel time spent in this place.
 C = Inter-level travel time spent in this place.
 D = Time resting spent in this place.
 E = Time spent auto-exploring this place.
 F = Levels seen in this place.
 G = Mean time per level.
                   A        B        C        D        E       F      G
               +--------+--------+--------+--------+--------+-----+--------+
         Total |   1391 |   1389 |      2 |    283 |    718 |   2 |  695.5 |
       Dungeon |   1391 |   1389 |      2 |    283 |    718 |   2 |  695.5 |
               +--------+--------+--------+--------+--------+-----+--------+

Top non-repeatable levels by time:
     D:1: 1141 daAuts
     D:2: 250 daAuts
